 Dungeon Crawl Stone Soup version 0.30-a0-475-g03497ec522 (webtiles) character file.

Game seed: 7763041637516780083

72 kae the Firebug (level 3, 0/26 HPs)
             Began as a Demigod Fire Elementalist on Dec 20, 2022.
             Slain by a gnoll
             ... wielding a +0 halberd
              (12 damage)
             ... on level 3 of the Dungeon.
             The game lasted 00:02:28 (2306 turns).

kae the Firebug (Demigod Fire Elementalist)         Turns: 2306, Time: 00:02:29

Health: 0/26       AC:  2    Str:  9    XL:     3   Next: 80%
Magic:  1/9        EV: 12    Int: 21    God:
Gold:   118        SH:  0    Dex: 14    Spells: 0/6 levels left

rFire   . . .      SeeInvis .    d - +0 dagger
rCold   . . .      Faith    .    (no shield)
rNeg    . . .      Spirit   .    a - +0 robe
rPois   .          Reflect  .    (no helmet)
rElec   .          Harm     .    (no cloak)
rCorr   .          Rampage  .    (no gloves)
Will    .....                    (no boots)
Stlth   ++........               (no amulet)
HPRegen 0.24/turn                (no ring)
MPRegen 0.11/turn                (no ring)

@: no status effects
A: high MP 1, forlorn, divine attributes
a: no special abilities


You were on level 3 of the Dungeon.
You visited 1 branch of the dungeon, and saw 3 of its levels.

You collected 118 gold pieces.


Innate Abilities, Weirdness & Mutations

You have an increased reservoir of magic. (+10% MP)
You shall have no god before yourself.
Your divine heritage dramatically boosts your attributes as you level up.


   Skills:
 - Level 1.7 Dodging
 - Level 1.7 Stealth
 + Level 2.2 Spellcasting
 * Level 2.3 Conjurations
 * Level 3.5 Fire Magic


You couldn't memorise any spells.
You knew the following spells:

 Your Spells              Type           Power      Damage    Failure   Level
a - Foxfire               Conj/Fire      56%        2x1d6     4%          1
b - Scorch                Fire           34%        2d6       5%          2
c - Inner Flame           Hex/Fire       9%         N/A       22%         3

Your spell library contained the following spells:

 Spells                   Type           Power      Damage    Failure   Level
 Momentum Strike          Conj/Tloc      14%        3d8       14%         2
 Blink                    Tloc           4%         N/A       22%         2
 Kindle Blastsparks       Fire/Tloc/Air  14%        2d11      26%         3
 Lesser Beckoning         Tloc           4%         N/A       41%         3
 Flame Wave               Conj/Fire      14%        2d6       41%         4

Inventory:

Hand Weapons
 d - a +0 dagger (weapon)
   (You took it off a kobold on level 1 of the Dungeon)
Missiles
 e - 10 stones
 f - a throwing net {=f!f}
 l - 2 poisoned darts
Armour
 a - a +0 robe (worn)
Scrolls
 i - a scroll of enchant armour {unknown}
 k - a scroll of identify {@r1}
 m - a scroll of immolation {unknown}
 o - a scroll of enchant weapon {unknown}
 p - a scroll of vulnerability {!r!r}
Potions
 b - a potion of magic
 c - 3 potions of brilliance
 g - a potion of berserk rage {unknown}
 h - 4 potions of curing {unknown}
 j - a potion of lignification {unknown}
 n - a potion of flight {unknown}
 q - a potion of heal wounds {unknown}

Dungeon Overview and Level Annotations

Branches:
Dungeon (3/15) Zot: 15693

Shops:
D:1 :==?:

Annotations:
D:2 1 runed translucent door, Crazy Yiuf, Sigmund

##### ### #...#...#
############# #.#...#.#
#......<)@..#
#..###..#..
..#########g#
##.#.#.###.# ######...#
#..##'.....+
........g###.#...#####.
###.......†g.g.#.#[..#.
#.###..##.####.#...#. #
#..##....#g#...#.
#..##..#...##'##.
#..##...##'.....'


You could see a gnoll.


Message History

No target in view!
You see here a giant cockroach corpse.
You see here a frilled lizard corpse.
A hobgoblin comes into view. 😎 HP[+6] MP[+4]
Your hp is fully restored (26).
You regained 4 mp, and now have 6/8 mp.
A hobgoblin is nearby!
A hobgoblin is nearby!
Casting: Foxfire (safe; 4% risk of failure)
Confirm with . or Enter, or press ? or * to list all spells.
You conjure some foxfire!
The foxfire hits the hobgoblin.
You kill the hobgoblin!
Casting: Foxfire (safe; 4% risk of failure)
Confirm with . or Enter, or press ? or * to list all spells.
You conjure some foxfire! 😎 MP[-1]
You lost 1 mp, and now have 5/8 mp.
o - a scroll labelled FAYMION YQEO 😎 MP[+1] As you open the door, it creaks loudly! 😎 MP[+2]
Your mp is fully restored (8).
There is an open door here.
You now have 88 gold pieces (gained 6).
There is an open door here.
p - a scroll of vulnerability {!r!r} You now have 95 gold pieces (gained 7).
As you open the door, it creaks loudly!
There is an open door here.
You now have 104 gold pieces (gained 9).
There is an open door here.
You open the door.
There is an open door here.
You now have enough gold to buy a scroll of magic mapping on D:1.
You can access your shopping list by pressing '$'.
You now have 112 gold pieces (gained 8).
q - a sapphire potion
There is an open door here.
You open the door.
There is an open door here.
You now have 118 gold pieces (gained 6).
There is an open door here.
A gnoll comes into view. It is wielding a +0 whip.
A gnoll is nearby!
Unknown command.
Unknown command.
This spell is extremely dangerous to cast!
Memorise Inner Flame, consuming 3 spell levels and leaving 0?
You start memorising the spell.
You continue memorising. x3
You finish memorising.
Spell assigned to 'c'.
You start waiting.
A gnoll is nearby!
Casting: Foxfire (safe; 4% risk of failure)
Confirm with . or Enter, or press ? or * to list all spells.
Flames lash the gnoll.
The gnoll shouts!
The gnoll's fire resistance burns away.
You hear a shout! x3 😎 MP[-2]
You lost 2 mp, and now have 6/8 mp.
Casting: Scorch (safe; 5% risk of failure)
Confirm with . or Enter, or press ? or * to list all spells.
Flames lash the gnoll.
The gnoll is burned terribly!
You kill the gnoll!
A gnoll comes into view. It is wielding a +0 spear. 😎 MP[-2]
You lost 2 mp, and now have 4/8 mp.
A gnoll comes into view. It is wielding a +0 halberd. 😎 MP[+1]
You see here a frilled lizard corpse.
You see here a giant cockroach corpse. 😎 MP[+1]
You start resting.
A gnoll is nearby!
Casting: Scorch (safe; 5% risk of failure)
Confirm with . or Enter, or press ? or * to list all spells.
Flames lash the gnoll.
The gnoll's fire resistance burns away.
The gnoll hits you from afar with a +0 spear!
The gnoll closely misses you. 😮 HP[-10] MP[-2]
You take 10 damage, and now have 16/26 hp.
MASSIVE DAMAGE!! (PAUSE)
You lost 2 mp, and now have 4/8 mp.
Casting: Scorch (safe; 5% risk of failure)
Confirm with . or Enter, or press ? or * to list all spells.
Flames lash the gnoll.
The gnoll is burned terribly!
The gnoll hits you from afar with a +0 spear.
The gnoll hits you from afar with a +0 spear.
* * * LOW HITPOINT WARNING * * *
😨 HP[-5] MP[-2]
You take 5 damage, and now have 11/26 hp.
You lost 2 mp, and now have 2/8 mp.
Unknown command.
Casting: Scorch (safe; 5% risk of failure)
Confirm with . or Enter, or press ? or * to list all spells.
Flames lash the gnoll.
The gnoll is burned terribly!
You kill the gnoll!
The gnoll hits you from afar with a +0 halberd!
You die...

Skill      XL: |  1  2  3 |
---------------+----------+-----
Conjurations   | 1 2 |  2.3
Fire Magic     | 3 |  3.5
Spellcasting   | 2 |  2.2
Dodging        | |  1.7
Stealth        | |  1.7

Action                   || total
-------------------------++-------
Melee: Dagger            ||    26
 Cast: Foxfire           ||    71
       Scorch            ||    19
  Use: Scroll            ||     4
Armor: Robe              ||    20
Dodge: Dodged            ||    28

Levels and vault maps discovered:
D:1:      heliophobic_arrival_dark_side_of_the_moon, layout_loops_ring,
          serial_shops, nicolae_shop_stone, nicolae_shop_trees, shop,
          nicolae_shop_behind_doors, nicolae_shop_waterfront,
          ebering_ecumenical_altar_box, st_stairs_1
D:2:      layout_basic, basic_altar, patterned_corridor, uniq_sigmund,
          uniq_crazy_yiuf_cottage
D:3:      layout_loops_ring, okawaru_ov_weapons_minmay,
          mainiacjoe_overflow_boulevard, jmf_multi_god_temple,
          mainiacjoe_overflow_catch_the_wave, serial_shops, shop,
          minmay_misc_feat_room, minmay_fractal_squares_diagonal_5

Notes
Turn   | Place    | Note
-------+----------+-------------------------------------------
     0 | D:1      | kae the Demigod Fire Elementalist began the quest for the
                  | Orb.
     0 | D:1      | Reached XP level 1. HP: 14/14 MP: 5/5
     0 | D:1      | magus.rc [v1.11.3]
    77 | D:1      | Reached skill level 1 in Conjurations
   170 | D:1      | Found Egutiwar's Book Boutique.
   287 | D:1      | Found Gupiab's Jewellery Shoppe.
   327 | D:1      | Reached skill level 3 in Fire Magic
   327 | D:1      | Reached XP level 2. HP: 20/20 MP: 4/7
   345 | D:1      | Learned a level 2 spell: Scorch
   428 | D:1      | Reached skill level 2 in Spellcasting
   525 | D:1      | Found Tuhicwuf's Book Shop.
   886 | D:1      | Found Jawkupt's Jewellery Shoppe.
   933 | D:1      | Found Voac's Magic Scroll Shoppe.
   948 | D:1      | Reached XP level 3. HP: 26/26 MP: 5/8
  1240 | D:2      | Noticed Sigmund
  1372 | D:2      | Reached skill level 2 in Conjurations
  1684 | D:2      | You pick up a book of Spatial Translocations and begin
                  | reading...
  1684 | D:2      | You add the spells Blink, Momentum Strike and Lesser
                  | Beckoning to your library.
  1848 | D:2      | Found a runed translucent door.
  1849 | D:2      | Noticed Crazy Yiuf
  2275 | D:3      | Learned a level 3 spell: Inner Flame
  2306 | D:3      | Slain by a gnoll

Vanquished Creatures
  2 gnolls (D:3)
  3 ball pythons
  4 endoplasms
  4 giant cockroaches
  5 goblins
  A hobgoblin (D:3)
  2 jackals (D:1)
  3 quokkas (D:1)
  9 bats
  6 frilled lizards
  4 kobolds (D:1)
  6 rats
49 creatures vanquished.

Vanquished Creatures (others)
  123 foxfires
123 creatures vanquished.

Grand Total: 172 creatures vanquished

Table legend:
 A = Non-vault XP
 B = Vault XP
 C = Vault XP percentage of total XP
 D = Non-vault monster count
 E = Vault monster count
 F = Vault count percentage of total count
                 A         B        C        D         E       F
            +---------+---------+-------+---------+---------+-------
      Total |      94 |       9 |   8.7 |      43 |       6 |  12.2
            +---------+---------+-------+---------+---------+-------
        D:1 |      44 |       6 |  12.0 |      27 |       4 |  12.9
        D:2 |      16 |       0 |   0.0 |      11 |       0 |   0.0
        D:3 |      34 |       3 |   8.1 |       5 |       2 |  28.6
            +---------+---------+-------+---------+---------+-------

Illustrated notes

Table legend:
 A = Kills in this place as a percentage of kills in entire the game.
 B = Kills by you in this place as a percentage of kills by you in the entire game.
 C = Kills by friends in this place as a percentage of kills by friends in the entire game.
 D = Other kills in this place as a percentage of other kills in the entire game.
 E = Experience gained in this place as a percentage of experience gained in the entire game.
 F = Experience gained in this place divided by the number of levels of this place that you have seen.
                   A       B       C       D       E      F
               +-------+-------+-------+-------+-------+----------------------
         Total | 100.0 | 100.0 |   N/A |   N/A | 100.0 |  34.3
       Dungeon | 100.0 | 100.0 |   N/A |   N/A | 100.0 |  34.3
               +-------+-------+-------+-------+-------+----------------------

Table legend: (Time is in decaauts)
 A = Elapsed time spent in this place.
 B = Non-inter-level travel time spent in this place.
 C = Inter-level travel time spent in this place.
 D = Time resting spent in this place.
 E = Time spent auto-exploring this place.
 F = Levels seen in this place.
 G = Mean time per level.
                   A        B        C        D        E       F      G
               +--------+--------+--------+--------+--------+-----+--------+
         Total |   2305 |   2111 |    194 |     10 |   1724 |   3 |  768.3 |
       Dungeon |   2305 |   2111 |    194 |     10 |   1724 |   3 |  768.3 |
               +--------+--------+--------+--------+--------+-----+--------+

Top non-repeatable levels by time:
     D:1: 1254 daAuts
     D:2: 831 daAuts
     D:3: 220 daAuts
